 Dungeon Crawl Stone Soup version 0.31-a0-750-gfe7b580527 (webtiles) character file.

Game seed: 7018397293717589171

336 GigaChad the Shield-Bearer (level 6, -3/49 HPs)
             Began as a Formicid Fighter on Sept 14, 2023.
             Slain by a kobold brigand
             ... wielding a +0 dagger
              (6 damage)
             ... in a sewer.
             The game lasted 00:03:03 (2259 turns).

GigaChad the Shield-Bearer (Formicid Fighter)       Turns: 2259, Time: 00:03:04

Health: -3/49      AC:  7    Str: 22    XL:     6   Next: 84%
Magic:  6/6        EV:  9    Int:  8    God:
Gold:   129        SH:  6    Dex: 19    Spells: 5/5 levels left

rFire   . . .        a - +0 war axe
rCold   . . .        c - +0 buckler
rNeg    + . .        b - +0 scale mail
rPois   .            (helmet unavailable)
rElec   .            (no cloak)
rCorr   .            (no gloves)
SInv    +            (no boots)
Will    .....        (no amulet) Stlth
                     r - +6 ring of dexterity
HPRegen 0.28/turn    p - ring of positive energy
MPRegen 0.10/turn

%: no passive effects
@: no status effects
A: permanent stasis, dig shafts and tunnels, antennae 3, four strong arms
a: Dig


You were in a sewer.
You visited 1 branch of the dungeon, and saw 3 of its levels.
You also visited: Sewer.

You collected 129 gold pieces.

Inventory:

Hand Weapons
 a - a +0 war axe (weapon)
Armour
 b - a +0 scale mail (worn)
 c - a +0 buckler (worn)
Jewellery
 p - a ring of positive energy (right hand)
 r - a +6 ring of dexterity (left hand)
Talismans
 j - a beast talisman
 k - a serpent talisman
Scrolls
 e - a scroll of noise {unknown}
 n - 2 scrolls of vulnerability
 o - 2 scrolls of identify
Potions
 d - 3 potions of might
 f - a potion of haste {unknown}
 g - a potion of invisibility {unknown}
 h - a potion of cancellation {unknown}
 i - a potion of berserk rage {unknown}
 l - 2 potions of degeneration {unknown}
 m - a potion of magic {unknown}
 q - a potion of heal wounds {unknown}
 s - a potion of enlightenment {unknown}
 t - a potion of attraction {unknown}


   Skills:
 * Level 4.3 Fighting
 * Level 4.7 Axes
 * Level 4.7 Armour
 * Level 5.1 Shields


You had 5 spell levels left.
You didn't know any spells.
Your spell library contained the following spells:

 Spells                   Type           Power      Damage    Failure   Level
 Foxfire                  Conj/Fire      0%         2x1d4     78%         1
 Sandblast                Erth           0%         2d4       78%         1
 Passwall                 Tmut/Erth      0%         N/A       89%         2
 Stone Arrow              Conj/Erth      0%         3d7       98%         3
 Plasma Beam              Fire/Air       0%         2x1d10    100%        6
 Starburst                Conj/Fire      0%         6d3       100%        6


Dungeon Overview and Level Annotations

Branches:
Dungeon (3/15)              Sewer (1/1)

Altars:
Fedhas

Shops:
D:2 *


Innate Abilities, Weirdness & Mutations

You cannot be hasted, slowed, berserked, paralysed or teleported.
You can dig through walls and to a lower floor.
You have a pair of large antennae on your head. (SInv)
Your four strong arms can wield two-handed weapons with a shield.


Message History

The kobold brigand barely misses you.
You hit the kobold brigand.
You kill the kobold brigand!
You hear a splash. x2
You closely miss the kobold. You hit the kobold brigand.
The kobold hits you with a +0 club.
The kobold brigand hits you with a +0 dagger.
The kobold hits you with a +0 club.
The kobold brigand hits you with a +0 dagger.
* * * LOW HITPOINT WARNING * * *
You are too injured to fight recklessly!
Unknown command.
Unknown command.
You are too injured to fight recklessly!
You are too injured to fight recklessly!
Unknown command.
Unknown command.
You slash the kobold brigand!
The kobold brigand is moderately wounded.
You hit the kobold. The kobold hits you but does no damage.
The kobold brigand barely misses you.
You slash the kobold brigand!
The kobold brigand is heavily wounded.
You barely miss the kobold. You block the kobold's attack.
The kobold brigand hits you with a +0 dagger.
* * * LOW HITPOINT WARNING * * *
Unknown command.
You hit the kobold brigand.
The kobold brigand is severely wounded.
You closely miss the kobold. The kobold hits you but does no damage.
The kobold brigand hits you with a +0 dagger.
* * * LOW HITPOINT WARNING * * *
The kobold closely misses you.
The kobold brigand hits you but does no damage.
Unknown command.
You slash the kobold brigand!
The kobold brigand is almost dead.
You closely miss the kobold.
The kobold brigand hits you with a +0 dagger.
You die...

~~~~~.....##
#~~~.P...#
#~~P....##
#~......#
#P......#
#.......#
#~.~...##
#~~~...#
#~)@)###
##KK## #....
#...!#
#.∩..#
#)..!#
######


You could see a kobold brigand and a kobold.

Vanquished Creatures
  Sigmund (D:3)
  A kobold brigand (Sewer)
  2 adders (D:2)
  A river rat (D:3)
  3 worms
  2 dart slugs
  4 orcs (D:3)
  2 ball pythons
  5 bats
  6 endoplasms
  2 giant cockroaches (D:1)
  3 goblins (D:2)
  4 hobgoblins
  3 jackals (D:2)
  2 quokkas
  4 frilled lizards
  13 kobolds
  9 rats
67 creatures vanquished.

Notes
Turn   | Place    | Note
-------+----------+-------------------------------------------
     0 | D:1      | GigaChad the Formicid Fighter began the quest for the Orb.
     0 | D:1      | Reached XP level 1. HP: 18/18 MP: 1/1
   135 | D:1      | Reached XP level 2. HP: 21/24 MP: 2/2
   578 | D:1      | Reached XP level 3. HP: 29/29 MP: 3/3
  1112 | D:2      | Found Ufagefun's Assorted Antiques.
  1173 | D:2      | Reached XP level 4. HP: 36/37 MP: 4/4
  1176 | D:2      | Found a blossoming altar of Fedhas.
  1670 | D:3      | Noticed Sigmund
  1689 | D:3      | Killed Sigmund
  1690 | D:3      | Reached XP level 5. HP: 20/42 MP: 5/5
  1690 | D:3      | Reached XP level 6. HP: 23/48 MP: 6/6
  1807 | D:3      | Reached skill level 5 in Shields
  1992 | D:3      | Found a glowing drain.
  2159 | Sewer    | Entered a sewer
  2258 | Sewer    | HP: 2/49 [kobold brigand/+0 dagger (3)]
  2259 | Sewer    | Slain by a kobold brigand

Illustrated notes

Levels and vault maps discovered:
D:1:      dpeg_arrival_water_temple_mockup, layout_basic, interstate_on_off,
          minmay_tiny_reverse_x
D:2:      layout_rooms, serial_shops, shop, basic_altar
D:3:      layout_basic, gup_sewer_entry_bowl, uniq_sigmund
Sewer:    kennysheep_pipe_town

Skill      XL: |  1  2  3  4  5  6 |
---------------+-------------------+-----
Axes           | 4 |  4.7
Fighting       | 4 |  4.3
Armour         | 4 |  4.7
Shields        | 5 |  5.1

Action                     |  1- 3 |  4- 6 || total
---------------------------+-------+-------++-------
  Melee: War axe           |    88 |    86 ||   174
    Use: Scroll            |     3 |       ||     3
 Armour: Scale mail        |    65 |    54 ||   119
  Dodge: Dodged            |    51 |    35 ||    86
  Block: Buckler           |    22 |    27 ||    49

Table legend: (Time is in decaauts)
 A = Elapsed time spent in this place.
 B = Non-inter-level travel time spent in this place.
 C = Inter-level travel time spent in this place.
 D = Time resting spent in this place.
 E = Time spent auto-exploring this place.
 F = Levels seen in this place.
 G = Mean time per level.
                   A        B        C        D        E       F      G
               +--------+--------+--------+--------+--------+-----+--------+
         Total |   2339 |   2199 |    140 |    107 |   1599 |   4 |  584.8 |
       Dungeon |   2224 |   2084 |    140 |    107 |   1546 |   3 |  741.3 |
         Sewer |    114 |    114 |      0 |      0 |     53 |   1 |  114.0 |
               +--------+--------+--------+--------+--------+-----+--------+

Top non-repeatable levels by time:
     D:1: 889 daAuts
     D:2: 727 daAuts
     D:3: 607 daAuts
   Sewer: 114 daAuts
